 Dungeon Crawl Stone Soup version 0.24.0-2-g5b39cebb1c (webtiles) character file.

Game seed: 2432527845730035990, levelgen mode: deterministic

33 floatboth the Covered (level 3, -1/33 HPs)
             Began as a Minotaur Fighter on Oct 30, 2019.
             Succumbed to a killer bee's poison
             ... on level 2 of the Dungeon.
             The game lasted 00:01:37 (693 turns).

floatboth the Covered (Minotaur Fighter)             Turns: 693, Time: 00:01:37

Health: -1/33      AC:  7    Str: 25    XL:     3   Next: 12%
Magic:  2/2        EV:  7    Int:  6    God:
Gold:   32         SH:  9    Dex:  9    Spells: 2/2 levels left

rFire    . . .     SeeInvis .   a - +0 trident
rCold    . . .     Gourm    .   c - +0 shield
rNeg     . . .     Faith    .   b - +0 scale mail
rPois    .         Spirit   .   (helmet restricted)
rElec    .         Reflect  .   (no cloak)
rCorr    .         Harm     .   (no gloves)
MR       .....                  (no boots)
Stlth    ..........             (no amulet)
HPRegen  0.11/turn              (no ring)
MPRegen  0.08/turn              (no ring)

@: mighty, lethally poisoned (-1 -> -23)
A: retaliatory headbutt, horns 2
a: no special abilities


You were on level 2 of the Dungeon.
You were not hungry.

You visited 1 branch of the dungeon, and saw 3 of its levels.

You collected 32 gold pieces.

Inventory:

Hand Weapons
 a - a +0 trident (weapon)
Missiles
 h - a throwing net (quivered)
Armour
 b - a +0 scale mail (worn)
 c - a +0 shield (worn)
Jewellery
 e - an uncursed amulet of faith {unknown}
Scrolls
 g - a scroll of teleportation {unknown}
Comestibles
 f - 2 rations
 j - 2 chunks of flesh


   Skills:
 + Level 4.0 Fighting
 + Level 3.1 Polearms
 + Level 4.1 Armour
 + Level 4.0 Shields


You had 2 spell levels left.
You didn't know any spells.
Your spell library was empty.

Dungeon Overview and Level Annotations

Branches:
Dungeon (3/15)

Altars:


Innate Abilities, Weirdness & Mutations

You reflexively headbutt those who attack you in melee.
You have a pair of horns on your head.


Message History

You closely miss the killer bee.
The killer bee is lightly wounded.
You feel sick. You block the killer bee's attack. x2
You feel very mighty all of a sudden. The killer bee stings you.
* * * LOW HITPOINT WARNING * * *
You are more poisoned.
The killer bee poisons you! You block the killer bee's attack.
You hit the killer bee.
The killer bee is heavily wounded.
* * * LOW HITPOINT WARNING * * *
You feel sick. The killer bee stings you!
* * * LOW HITPOINT WARNING * * *
You are more poisoned.
The killer bee poisons you! You block the killer bee's attack.
The killer bee barely misses you. You furiously retaliate!
You headbutt the killer bee! You barely miss the killer bee.
The killer bee is almost dead.
You die...

# .. #########.#
##########.........###
.........#.#..@.......
########.....##y##....
##....## #g# .
###.....# ...
#.......## ##.
#.##.....# ..
#.##...#... .
##.###..#####
♣♣♣.......#####


You could see a killer bee and a hobgoblin.

Vanquished Creatures
  An adder (D:2)
  A worm (D:2)
  2 dart slugs
  A ball python (D:2)
  4 goblins
  3 jackals (D:1)
  2 bats (D:1)
  2 frilled lizards (D:2)
  A kobold (D:1)
  2 rats
19 creatures vanquished.

Notes
Turn   | Place    | Note
-------+----------+-------------------------------------------
     0 | D:1      | floatboth the Minotaur Fighter began the quest for the Orb.
     0 | D:1      | Reached XP level 1. HP: 19/19 MP: 0/0
   216 | D:1      | Reached XP level 2. HP: 27/27 MP: 1/1
   470 | D:2      | Reached skill level 4 in Fighting
   470 | D:2      | Reached skill level 4 in Armour
   470 | D:2      | Reached skill level 4 in Shields
   575 | D:2      | Reached skill level 3 in Polearms
   575 | D:2      | Reached XP level 3. HP: 30/33 MP: 2/2
   679 | D:2      | Noticed a killer bee
   692 | D:2      | HP: 8/33 [poisoned by a killer bee]
   692 | D:2      | HP: 1/33 [killer bee (7)]
   693 | D:2      | Succumbed to a killer bee's poison

Levels and vault maps discovered:
D:1:      shiori_arrival_maze, layout_basic
D:2:      cheibrodos_old_hovel, layout_loops_corners, serial_forest,
          infiniplex_forest_end_3, infiniplex_forest_straight_5,
          infiniplex_forest_straight_3, infiniplex_forest_pool,
          infiniplex_forest_lined_room_2, infiniplex_forest_straight_5,
          infiniplex_forest_zigzag_1, minmay_ruptured
D:3:      layout_loops_ring, serial_co_window_serial, co_window_corner_a,
          co_window_paths_a, co_window_paths_a, co_window_corner_a,
          co_window_paths_a, co_window_2corner, co_window_unsneaky_path_c,
          co_window_broadway_c, co_window_of_opportunity_c, co_window_corner_cb,
          co_window_sun, glass_columns_c, glass_columns_a, glass_columns_b,
          glass_columns_b, glass_columns_b

Skill      XL: |  1  2 |
---------------+-------+-----
Fighting       | 4 |  4.0
Armour         | 4 |  4.1
Shields        | 4 |  4.0
Polearms       | 3 |  3.1

Action                   || total
-------------------------++-------
Melee: Trident           ||    79
       Headbutt          ||     7
  Use: Potion            ||     2
Armor: Scale mail        ||    44
Dodge: Dodged            ||    34
Block: Shield            ||    56
